AoeStats
← Sr. Hiei

Arabia

510858853Analyzed
2v2 RM · 24h ago on Oct 2, 2026· 74m 46s· 4 players
Game mode
Random Map
Map size
Medium (4 player)
Population
200
Speed
Normal
Resources
Standard
Victory
Conquest
Starting age
Dark Age
Ending age
Imperial Age
RankedLock teamsTeams togetherTeam positionsShared explorationLock speedFull tech treeHidden civsTurbo modeCheats
Victory
Defeat
🇦🇷 Vietnamese · Argentina
1019
+16
🇦🇷 Malians · Argentina
1019
+16
🇺🇸 Georgians · United States
1054
-17
🇪🇸 Spanish · Spain
991
-15
Magistral
5:54 Loom
9:34 Feudal Age
9:59 Double-Bit Axe
20:17 Castle Age
19:09 Gold Mining
19:01 Horse Collar
19:37 Scale Barding Armor
19:43 Forging
20:10 Bloodlines
22:03 Chain Barding Armor
23:35 Husbandry
24:18 Iron Casting
25:47 Wheelbarrow
28:54 Bow Saw
29:28 Light Cavalry
30:35 Hand Cart
36:35 Town Watch
42:15 Imperial Age
40:37 Fletching
40:16 Elite Skirmisher
41:04 Stone Mining
41:37 Bodkin Arrow
42:14 Heavy Plow
44:32 Padded Archer Armor
45:39 Pikeman
46:54 Bracer
50:42 Cavalier
52:59 Plate Barding Armor
57:13 Chemistry
56:33 Ballistics
57:26 Scale Mail Armor
57:58 Squires
57:30 Halberdier
61:24 Paper Money
62:19 Chain Mail Armor
62:20 Leather Archer Armor
61:28 Imperial Skirmisher
63:59 Hoardings
64:44 Ring Archer Armor
64:45 Plate Mail Armor
67:04 Thumb Ring
67:17 Masonry
67:13 Siege Engineers
68:53 Treadmill Crane
70:30 Chatras
71:39 Town Patrol
Sr. Hiei
0:27 Loom
14:16 Feudal Age
16:16 Wheelbarrow
16:42 Gold Mining
19:08 Castle Age
16:52 Horse Collar
17:24 Double-Bit Axe
18:17 Stone Mining
20:35 Forging
20:26 Scale Mail Armor
21:33 Town Watch
22:28 Iron Casting
29:28 Chain Mail Armor
33:16 Arson
33:32 Squires
33:48 Heavy Plow
36:15 Pikeman
41:35 Murder Holes
42:02 Ballistics
41:53 Masonry
42:32 Fletching
52:56 Imperial Age
52:57 Gold Shaft Mining
52:36 Bow Saw
54:43 Elite Gbeto
55:59 Conscription
70:16 Hoardings
Boni_5
9:53 Loom
12:33 Feudal Age
12:58 Horse Collar
13:37 Double-Bit Axe
20:39 Wheelbarrow
20:48 Forging
23:01 Castle Age
21:12 Stone Mining
21:52 Gold Mining
23:11 Scale Barding Armor
25:11 Pikeman
39:37 Bloodlines
39:28 Husbandry
43:46 Scale Mail Armor
45:35 Bow Saw
48:21 Chain Barding Armor
51:03 Imperial Age
52:00 Iron Casting
51:22 Cavalier
52:29 Heavy Plow
52:48 Town Watch
53:42 Paladin
56:10 Hand Cart
59:26 Blast Furnace
59:02 Plate Barding Armor
59:13 Conscription
60:45 Chemistry
62:43 Ballistics
66:26 Elite Skirmisher
Copybara
2:13 Loom
10:16 Feudal Age
10:46 Double-Bit Axe
11:28 Horse Collar
12:04 Town Watch
12:56 Wheelbarrow
13:29 Gold Mining
15:20 Padded Archer Armor
15:20 Fletching
19:44 Castle Age
18:09 Stone Mining
20:37 Bow Saw
21:30 Bodkin Arrow
21:51 Bloodlines
22:44 Town Watch
25:58 Hand Cart
26:26 Scale Barding Armor
26:24 Husbandry
31:08 Squires
31:58 Leather Archer Armor
36:27 Imperial Age
33:41 Light Cavalry
34:40 Pikeman
36:14 Scale Mail Armor
37:06 Forging
37:36 Chain Mail Armor
38:30 Conscription
40:07 Parthian Tactics
40:25 Ballistics
41:01 Bracer
43:46 Chain Barding Armor
46:34 Heavy Plow
46:45 Halberdier
49:32 Plate Barding Armor
49:44 Crop Rotation
50:27 Chemistry
50:29 Plate Mail Armor
51:12 Iron Casting
51:04 Treadmill Crane
51:34 Masonry
51:29 Hussar
54:42 Aznauri Cavalry
56:04 Blast Furnace
55:16 Arson
57:33 Siege Engineers
57:58 Architecture
58:08 Hoardings
58:15 Elite Skirmisher
67:07 Guilds
74:34 Murder Holes
74:49 Fortified Wall
Connection lost

Rejoining the realm…

Still unreachable

The connection could not be restored.

Session expired

The server has moved on; the page needs a fresh start.